cohdb
Replays
Latest Replays
All Replays
Popular Replays
Top Player Replays
Match Explorer
How It Works
Community
CoH3 Stats
Reddit
Sign in to upload your games and track your stats! →
Sign in with Steam
Match 46497586
Unlisted
Match 46497586
Overview
Messages
Build Orders
End
Pioneer Squad
Construct Infanterie Kompanie
Pioneer Squad
Selects Breakthrough Battlegroup
MG 42 Machine Gun Team
Grenadier Squad
Grenadier Squad
Construct Luftwaffe Kompanie
Selects Rapid Production
221 Scout Car
Medical Bunker
Support Elements
Wirbelwind Flakpanzer
Flak 30 Anti-aircraft Gun Team
Jäger Squad
Wirbelwind Flakpanzer
Selects Blitzkrieg
Selects Panzer IV Command Tank Sd.Kfz. 161/1
Panzer IV Command Tank
Selects Assault Grenadiers
Selects Smoke Bombing Run
Side Skirts
Makros
RoyalHants
0
0
Comments
sign in to comment!
No comments posted yet!